AoeStats
← Elmatz

Arabia

504533766Analyzed
3v3 RM · 27d ago on Sep 5, 2026· 52m 2s· 6 players
Game mode
Random Map
Map size
Normal (6 player)
Population
200
Speed
Normal
Resources
Standard
Victory
Conquest
Starting age
Dark Age
Ending age
Imperial Age
RankedLock teamsTeams togetherTeam positionsShared explorationLock speedFull tech treeHidden civsTurbo modeCheats
Victory
Defeat
🇦🇷 Vietnamese · Argentina
1107
+16
🇹🇼 Persians · Taiwan
1066
+18
🇦🇷 Wu · Argentina
1052
+17
🇵🇪 Magyars · Peru
1106
-17
🇵🇪 Huns · Peru
1106
-17
🇵🇪 Inca · Peru
1096
-17
bache22
1:12 Loom
12:20 Feudal Age
13:36 Double-Bit Axe
22:50 Castle Age
21:44 Fletching
21:55 Padded Archer Armor
24:28 Bodkin Arrow
24:48 Leather Archer Armor
25:35 Bow Saw
25:00 Elite Skirmisher
25:31 Horse Collar
26:02 Crossbowman
26:53 Gold Mining
26:57 Stone Mining
30:36 Wheelbarrow
31:51 Stone Shaft Mining
32:36 Ballistics
36:01 Thumb Ring
37:13 Treadmill Crane
39:56 Hand Cart
39:27 Town Watch
46:17 Imperial Age
47:24 Paper Money
49:44 Town Patrol
50:03 Imperial Skirmisher
51:57 Bracer
52:27 Ring Archer Armor
53:30 Chemistry
Pepechuelo
2:05 Loom
12:44 Feudal Age
13:18 Double-Bit Axe
14:34 Wheelbarrow
17:02 Horse Collar
19:43 Castle Age
17:45 Town Watch
18:01 Fletching
19:47 Padded Archer Armor
20:14 Crossbowman
24:09 Arson
25:01 Squires
25:25 Stone Mining
25:53 Heavy Plow
27:23 Bodkin Arrow
27:46 Hand Cart
28:47 Town Patrol
29:05 Leather Archer Armor
30:56 Gold Mining
31:34 Ballistics
34:12 Forging
34:03 Scale Mail Armor
35:32 Iron Casting
35:41 Red Cliffs Tactics
36:38 Chain Mail Armor
41:02 Imperial Age
40:28 Pikeman
41:57 Bracer
44:26 Gold Shaft Mining
44:27 Stone Shaft Mining
44:05 Bow Saw
48:57 Two-Man Saw
47:43 Elite Fire Archer
mzk_TsushimaRiko
7:45 Loom
34:22 Feudal Age
38:30 Double-Bit Axe
38:28 Horse Collar
51:33 Castle Age
50:10 Wheelbarrow
52:44 Bow Saw
Diegotzu
10:40 Feudal Age
9:34 Loom
19:47 Castle Age
31:15 Scale Barding Armor
37:16 Bloodlines
Elmatz
6:12 Loom
10:00 Feudal Age
13:12 Double-Bit Axe
16:34 Horse Collar
25:08 Fletching
42:56 Castle Age
45:08 Bow Saw
47:17 Bloodlines
47:51 Husbandry
49:47 Scale Barding Armor
.:LUSHO:.
5:25 Loom
10:57 Feudal Age
9:24 Loom
15:01 Champi Runner
15:35 Gold Mining
15:26 Horse Collar
16:03 Double-Bit Axe
16:55 Fletching
20:56 Padded Archer Armor
22:22 Forging
22:47 Arson
27:37 Castle Age
27:33 Wheelbarrow
28:51 Bow Saw
28:11 Crossbowman
31:11 Bodkin Arrow
32:04 Gold Shaft Mining
31:20 Champi Warrior
33:31 Thumb Ring
34:12 Hand Cart
37:59 Ballistics
40:51 Imperial Age
40:56 Arbalester
42:40 Bracer
42:55 Leather Archer Armor
42:57 Capped Ram
45:17 Heavy Scorpion
48:15 Ring Archer Armor
49:02 Elite Champi Warrior
49:24 Pikeman
50:04 Squires
51:07 Fortified Wall
51:57 Chemistry
Connection lost

Rejoining the realm…

Still unreachable

The connection could not be restored.

Session expired

The server has moved on; the page needs a fresh start.